 Dungeon Crawl Stone Soup version 0.31-a0-960-g0fca184906 (webtiles) character file.

Game seed: 15986138441776593055

194 mightbedylan the Stinger (level 5, -5/24 HPs)
             Began as a Spriggan Venom Mage on Oct 23, 2023.
             Slain by a scorpion (6 damage)
             ... on level 4 of the Dungeon.
             The game lasted 00:20:55 (3604 turns).

mightbedylan the Stinger (Spriggan Venom Mage)      Turns: 3604, Time: 00:20:55

Health: -5/24      AC:  2    Str:  2 (4)  XL:     5   Next: 44%
Magic:  7/12       EV: 17    Int: 16 (17) God:
Gold:   152        SH:  0    Dex: 16 (17) Spells: 9/12 levels left

rFire   + . .        (weapon restricted)
rCold   + . .        (no shield)
rNeg    . . .        a - +0 robe
rPois   +            (helmet restricted)
rElec   +            (no cloak)
rCorr   +            (gloves unavailable)
SInv    +            (boots unavailable)
Will    .....        (no amulet)
Stlth   +            (no ring)
HPRegen 0.24/turn    (no ring)
MPRegen 0.13/turn

%: no passive effects
@: silenced (expiring), resistant, attractive, very quick
A: very small, no large weapons, unfitting armour, see invisible, speed 3
a: no special abilities


You were on level 4 of the Dungeon.
You visited 1 branch of the dungeon, and saw 5 of its levels.

You collected 152 gold pieces.

Inventory:

Missiles
 g - 6 atropa-tipped darts
Armour
 a - a +0 robe (worn)
Wands
 f - a wand of paralysis (8) (quivered)
Scrolls
 l - 2 scrolls of enchant weapon
Potions
 b - a potion of magic
 d - a potion of brilliance


   Skills:
 - Level 3.0 Dodging
 - Level 3.4 Stealth
 + Level 4.1 Spellcasting
 + Level 3.6 Transmutations
 * Level 4.6 Poison Magic


You had 9 spell levels left.
You knew the following spells:

 Your Spells              Type           Power      Damage    Failure   Level
a - Sting                 Tmut/Pois      64%        1d6       3%          1
b - Poisonous Vapours     Pois/Air       20%        N/A       10%         2

Your spell library contained the following spells:

 Spells                   Type           Power      Damage    Failure   Level
 Passwall                 Tmut/Erth      7%         N/A       12%         2
 Apportation              Tloc           6%         N/A       17%         1
 Necrotise                Necr           12%        1d4       17%         1
 Summon Small Mammal      Summ           12%        N/A       17%         1
 Olgreb's Toxic Radiance  Pois           18%        N/A       24%         4
 Ensorcelled Hibernation  Hex/Ice        6%         N/A       26%         2
 Mephitic Cloud           Conj/Pois/Air  8%         N/A       26%         3
 Swiftness                Air            3%         N/A       45%         3


Dungeon Overview and Level Annotations

Branches:
Dungeon (5/15)
 Temple: D:4-7

Altars:


Innate Abilities, Weirdness & Mutations

You are very small and have problems with some larger weapons.
You are too small for most types of armour.
You have supernaturally acute eyesight. (SInv)
You cover ground extremely quickly. (Speed+++)


Message History

Something is attracted toward you.
A goblin comes into view. It is wielding a +0 club.
The goblin is attracted toward you. The scorpion attacks as it pursues you!
The scorpion barely misses you.
The goblin is attracted toward you. x2; The orc is attracted toward you.
You barely miss the goblin. The scorpion misses you.
The goblin hits you but does no damage. The scorpion closely misses you.
The orc wizard is attracted toward you.
You completely miss the goblin. The goblin hits you but does no damage.
The scorpion closely misses you.
You hit the goblin.
The goblin is heavily wounded.
The goblin misses you. The scorpion closely misses you.
The kobold is attracted toward you.
You hit the goblin but do no damage.
The goblin is heavily wounded.
The goblin hits you with a +0 club.
* * * LOW HITPOINT WARNING * * *
The scorpion completely misses you. The gnoll is attracted toward you.
You barely miss the goblin.
The goblin is heavily wounded.
The goblin barely misses you. The scorpion closely misses you.
You closely miss the goblin.
The goblin is heavily wounded.
The scorpion stings you.
* * * LOW HITPOINT WARNING * * *
The goblin misses you. The scorpion barely misses you.
You hit the goblin but do no damage.
The goblin is heavily wounded.
The goblin closely misses you. The scorpion stings you.
* * * LOW HITPOINT WARNING * * *
You barely miss the goblin.
The goblin is heavily wounded.
The goblin closely misses you. The scorpion barely misses you.
You hit the goblin but do no damage.
The goblin is heavily wounded.
The goblin hits you with a +0 club.
* * * LOW HITPOINT WARNING * * *
The scorpion stings you.
You die... ########### . #..gKoogs.#

. #§#######@#
.#######.# #g#
.§.K§o.o.# #.#
...o###### #.#
.......## #.#
.#......## ###.#
#.$.....# #...#
##..g...# #.###
#...o#.#####.######


You could see a scorpion, an orc wizard (invisible), a gnoll, an orc, 2 goblins
and a kobold.

Vanquished Creatures
  A bullfrog (D:4)
  A hound (D:4)
  4 adders
  A worm (D:3)
  4 dart slugs
  3 orcs (D:4)
  2 bats
  3 endoplasms (D:1)
  2 giant cockroaches
  7 goblins
  6 hobgoblins
  3 quokkas
  4 ball pythons
  5 rats
46 creatures vanquished.

Notes
Turn   | Place    | Note
-------+----------+-------------------------------------------
     0 | D:1      | mightbedylan the Spriggan Venom Mage began the quest for
                  | the Orb.
     0 | D:1      | Reached XP level 1. HP: 9/9 MP: 5/5
   294 | D:1      | Reached XP level 2. HP: 13/13 MP: 4/6
   801 | D:1      | Learned a level 2 spell: Poisonous Vapours
   813 | D:1      | Found a faded altar of an unknown god.
   995 | D:1      | Reached XP level 3. HP: 16/16 MP: 5/8
  2254 | D:3      | Reached XP level 4. HP: 21/21 MP: 3/10
  3510 | D:4      | Noticed a bullfrog
  3545 | D:4      | Killed a bullfrog
  3546 | D:4      | Reached XP level 5. HP: 10/24 MP: 2/12
  3554 | D:5      | Entered Level 5 of the Dungeon
  3604 | D:4      | HP: 1/24 [goblin/+0 club (1)]
  3604 | D:4      | Slain by a scorpion

Illustrated notes

Levels and vault maps discovered:
D:1:      dpeg_arrival_long_road, layout_basic,
          shapermc_ecumenical_altar_mp_urbaneastern, minmay_tetromino_o4
D:2:      layout_loops_ring, minmay_misc_feat_encased, grunt_decor_clamped
D:3:      layout_basic, chequers_serial_rivers_micro_e
D:4:      layout_loops_ring
D:5:      layout_basic, mainiacjoe_overflow_24_doors,
          mainiacjoe_overflow_alcove_1, serial_shops,
          nicolae_shop_rolling_square, kennysheep_generic_room_11, uniq_edmund,
          uniq_prince_ribbit1

Skill      XL: |  1  2  3  4 |
---------------+-------------+-----
Dodging        | 3 |  3.0
Spellcasting   | 3 4 |  4.1
Transmutations | 2 3 |  3.6
Poison Magic   | 4 |  4.6
Stealth        | |  3.4

Action                     |  1- 3 |  4- 6 || total
---------------------------+-------+-------++-------
  Melee: Unarmed           |    20 |    28 ||    48
         Punch             |     1 |       ||     1
   Cast: Sting             |    42 |    15 ||    57
         Poisonous Vapours |    12 |    23 ||    35
  Evoke: Wand              |       |     2 ||     2
    Use: Scroll            |     2 |     3 ||     5
         Potion            |       |     6 ||     6
 Armour: Robe              |     9 |    20 ||    29
  Dodge: Dodged            |    16 |    47 ||    63

Table legend: (Time is in decaauts)
 A = Elapsed time spent in this place.
 B = Non-inter-level travel time spent in this place.
 C = Inter-level travel time spent in this place.
 D = Time resting spent in this place.
 E = Time spent auto-exploring this place.
 F = Levels seen in this place.
 G = Mean time per level.
                   A        B        C        D        E       F      G
               +--------+--------+--------+--------+--------+-----+--------+
         Total |   2626 |   2599 |     27 |    155 |   1883 |   5 |  525.2 |
       Dungeon |   2626 |   2599 |     27 |    155 |   1883 |   5 |  525.2 |
               +--------+--------+--------+--------+--------+-----+--------+

Top non-repeatable levels by time:
     D:3: 903 daAuts
     D:1: 805 daAuts
     D:2: 589 daAuts
     D:4: 326 daAuts
     D:5: 1 daAuts
